 Dungeon Crawl Stone Soup version 0.29-a0-322-g68df515428 (webtiles) character file.

Game seed: 5691051943643223495

140 Morbidden the Skirmisher (level 5, -5/41 HPs)
             Began as a Demonspawn Fighter on Apr 8, 2022.
             Slain by an orc
             ... wielding a +0 falchion
              (6 damage)
             ... on level 3 of the Dungeon.
             The game lasted 00:01:35 (2404 turns).

Morbidden the Skirmisher (Demonspawn Fighter)       Turns: 2404, Time: 00:01:35

Health: -5/41      AC: 11    Str: 16    XL:     5   Next: 2%
Magic:  6/6        EV:  9    Int: 12    God:
Gold:   188        SH:  4    Dex: 12    Spells: 6/6 levels left

rFire   . . .      SeeInvis .   a - +0 war axe
rCold   . . .      Faith    .   c - +0 buckler
rNeg    . . .      Spirit   .   b - +0 scale mail
rPois   .          Reflect  .   g - +0 helmet
rElec   .          Harm     .   k - +2 cloak
rCorr   .          Rampage  .   (no gloves)
Will    .....                   (no boots)
Stlth   ..........              (no amulet)
HPRegen 0.13/turn               (no ring)
MPRegen 0.10/turn               (no ring)

@: no status effects
A: spiny 2, demonic magic 1
a: no special abilities


You were on level 3 of the Dungeon.
You visited 1 branch of the dungeon, and saw 3 of its levels.

You collected 188 gold pieces.

Inventory:

Hand Weapons
 a - a +0 war axe (weapon)
Armour
 b - a +0 scale mail (worn)
 c - a +0 buckler (worn)
 g - a +0 helmet (worn)
 k - a +2 cloak (worn)
Scrolls
 e - 3 scrolls of identify {unknown}
 i - 2 scrolls of vulnerability {unknown}
 m - 3 scrolls of teleportation {unknown}
 o - a scroll of holy word {unknown}
 p - a scroll of immolation {unknown}
 q - a scroll of blinking {unknown}
Potions
 d - a potion of might
 f - a potion of resistance {unknown}
 h - 3 potions of attraction {unknown}
 j - 2 potions of mutation {unknown}
 l - 2 potions of curing {unknown}
 n - 2 potions of haste {unknown}
 r - a potion of heal wounds {unknown}
 s - a potion of flight {unknown}
 t - a potion of magic {unknown}


   Skills:
 * Level 3.4 Fighting
 * Level 3.4 Axes
 + Level 3.0 Armour
 * Level 0.9 Dodging
 + Level 3.2 Shields
 * Level 1.0 Spellcasting


You had 6 spell levels left.
You didn't know any spells.
Your spell library was empty.

Dungeon Overview and Level Annotations

Branches:
Dungeon (3/15)

Altars:


Innate Abilities, Weirdness & Mutations

You are mostly covered in sharp spines.
Spells you cast may paralyse adjacent enemies.


Message History

The orc priest calls down the wrath of Beogh upon you.
Beogh smites you!
You are too injured to fight recklessly!
Unknown command.
You are too injured to fight recklessly!
Unknown command.
You are too injured to fight recklessly!
Unknown command.
You are too injured to fight recklessly!
Unknown command.
You are too injured to fight recklessly!
Unknown command.
You barely miss the orc priest.
The orc priest is severely wounded.
You hit the orc.
You kill the orc!
The orc priest mumbles some strange prayers to Beogh against you.
Beogh smites you!
* * * LOW HITPOINT WARNING * * *
You slash the orc priest!
You kill the orc priest!
You closely miss the orc. The orc barely misses you.
The orc hits you with a +0 falchion.
* * * LOW HITPOINT WARNING * * *
Your life force feels restored.
Your Spellcasting skill increases to level 1!
You have reached level 5!
You slash the orc!
You kill the orc!
You hit the orc but do no damage. The orc hits you but does no damage.
Unknown command.
Unknown command.
You hit the orc but do no damage. The orc hits you with a +0 falchion.
* * * LOW HITPOINT WARNING * * *
The orc is struck by your spines. The orc barely misses you.
Unknown command.
You barely miss the orc.
The orc is lightly wounded.
The orc hits you with a +0 falchion.
You die...

.......................#.#
#.#
################.#######.#
#.# #.# #.# #.# #># #.#
#.# #.#######†###.# #
#.#...........#
#.#.........###.#
##.##.###.####### ###
.^....o@#.# .#.##.#)#.# #.
#.#.# .. #.#.# #.# #.
#.#.# #.# # #.#.# #.#
#.#.# ####.# #.#.# .....#
#.#.#


You could see an orc.

Vanquished Creatures
  An orc priest (D:3)
  Robin (D:3)
  3 adders
  A dart slug (D:1)
  3 orcs (D:3)
  5 endoplasms
  4 giant cockroaches
  10 goblins
  6 hobgoblins
  4 quokkas
  6 ball pythons
  8 bats
  2 frilled lizards
  8 kobolds
  7 rats
69 creatures vanquished.

Notes
Turn   | Place    | Note
-------+----------+-------------------------------------------
     0 | D:1      | Morbidden the Demonspawn Fighter began the quest for the
                  | Orb.
     0 | D:1      | Reached XP level 1. HP: 18/18 MP: 1/1
    83 | D:1      | Gained mutation: You are partially covered in sharp spines.
                  | [demonic ancestry]
    83 | D:1      | Reached XP level 2. HP: 19/24 MP: 2/2
   142 | D:1      | Found a faded altar of an unknown god.
   472 | D:1      | Gained mutation: Spells you cast may paralyse adjacent
                  | enemies. [demonic ancestry]
   472 | D:1      | Reached XP level 3. HP: 27/29 MP: 3/3
  1566 | D:3      | Gained mutation: You are mostly covered in sharp spines.
                  | [demonic ancestry]
  1566 | D:3      | Reached XP level 4. HP: 35/35 MP: 4/4
  2010 | D:3      | Noticed Robin
  2023 | D:3      | Killed Robin
  2402 | D:3      | Reached skill level 1 in Spellcasting
  2402 | D:3      | Reached XP level 5. HP: 2/41 MP: 6/6
  2403 | D:3      | HP: 1/41 [orc/+0 falchion (2)]
  2404 | D:3      | Slain by an orc

Illustrated notes

Levels and vault maps discovered:
D:1:      sevenhm_arrival_forest_fort_small_4, layout_rooms,
          nicolae_ecumenical_snake_handling
D:2:      layout_loops_ring
D:3:      layout_basic, uniq_robin

Skill      XL: |  1  2  3  4 |
---------------+-------------+-----
Axes           | 2 3 |  3.4
Shields        | 3 |  3.2
Armour         | 3 |  3.0
Spellcasting   | 1 |  1.0
Fighting       | |  3.4
Dodging        | |  0.9

Action                   |  1- 3 |  4- 6 || total
-------------------------+-------+-------++-------
Melee: War axe           |    74 |    33 ||   107
Armor: Scale mail        |    33 |    13 ||    46
Dodge: Dodged            |    21 |    20 ||    41
Block: Buckler           |    23 |     9 ||    32

Table legend: (Time is in decaauts)
 A = Elapsed time spent in this place.
 B = Non-inter-level travel time spent in this place.
 C = Inter-level travel time spent in this place.
 D = Time resting spent in this place.
 E = Time spent auto-exploring this place.
 F = Levels seen in this place.
 G = Mean time per level.
                   A        B        C        D        E       F      G
               +--------+--------+--------+--------+--------+-----+--------+
         Total |   2454 |   2408 |     46 |      0 |   2032 |   3 |  818.0 |
       Dungeon |   2454 |   2408 |     46 |      0 |   2032 |   3 |  818.0 |
               +--------+--------+--------+--------+--------+-----+--------+

Top non-repeatable levels by time:
     D:3: 1039 daAuts
     D:1: 804 daAuts
     D:2: 609 daAuts
